Unix NetHack Version 5.0.0-0 post-release - last build Jul 19 2026 19:10:59 (3aa4ab31751d3886436d94b585a96704892fd477,branch:main).

Game began 2026-07-25 16:32:38, ended 2026-07-25 16:46:39.

Eymerich, chaotic male elven Priest

 -------                  ------          ----------          -----------
 |..>..|                  |.....##########|........|          |.......`(|
 |.....|                  |....|         #|.........##########.....<...(|
 |.....-##   -------  ####-.....#        #|....r...|        # |....%..((|
 |.....|##   |......###   --|---#        #------@---     #### ------.----
 -------#####......|##      #   ##       #######f##0######          #
        ##   |.....-##      #    #             #                    #
         #   -.----- #      #    #             #                    #
         #    #      #      #    #             #                   ##
         #    #      ###    #    #             #                   #
         #    #        # ---|-   ##            #                   #
         #   ##        # |...|    #            #                   #
         #   #         # |^..|    #            #              0########
         ##--.--       ##.....########        ##                 --|--.-
          #|.._|         -----      #######################      |.....|
          #|...|                       #------.--------   ###### |.....|
          #-...|                       #|.............|          |.....|
           -----                       #..............|          -------
                                        ---------------

Eymerich the Acolyte         St:14 Dx:10 Co:12 In:10 Wi:18 Ch:15  Chaotic
Dlvl:2  $:29 HP:0(30) Pw:71(71) AC:10 Xp:5 T:1336 

Latest messages:
 You see here an acid blob corpse.
 There is an acid blob corpse here; eat it? [ynq] (n)
 You have a very bad case of stomach acid.
 You finish eating the acid blob corpse.
 You feel less concerned about becoming petrified.
 Where do you want to travel to?
 (For instructions type a '?')
 Puffa bites the newt.
 The newt is killed!
 You no longer feel secure from petrification.
 You stop.  Puffa is in the way!
 Where do you want to travel to?
 (For instructions type a '?')
 You fall down the stairs.
 You don't have enough stamina to move.
 You don't have enough stamina to move.
 You don't have enough stamina to move.
 You don't have enough stamina to move.
 You don't have enough stamina to move.
 You don't have enough stamina to move.
 You don't have enough stamina to move.
 You hear the footsteps of a guard on patrol.
 You see here a locked chest.
 What do you want to drop? [$a-eghjl-nq-vx or ?*]
 You drop a locked chest.
 Your movements are now unencumbered.
 You see here 6 crossbow bolts.
 What do you want to drop? [$a-eghjl-nq-v or ?*]
 You drop a cursed blue gem named soft.
 You climb up the stairs.
 Where do you want to travel to?
 (For instructions type a '?')
 The wererat bites!
 You feel feverish.
 You hit the wererat.
 The wererat bites!
 You miss the wererat.
 The wererat bites!
 You hit the wererat.
 The wererat bites!
 You hit the wererat.
 The wererat bites!
 You miss the wererat.
 The wererat bites!
 You die...
 Do you want your possessions identified? [ynq] (y)
 Do you want to see your attributes? [ynq] (y)
 Do you want an account of creatures vanquished? [ynaq] (y)
 Do you want to see your conduct and achievements? [ynq] (y)
 Do you want to see the dungeon overview? [ynq] (y)

Inventory:
 Coins    ('$')
  $ - 29 gold pieces
 Weapons  (')')
  m - a very corroded +0 dagger (weapon in left hand)
  a - a blessed +1 mace
 Armor    ('[')
  c - a +0 small shield
  b - a +0 robe
 Comestibles  ('%')
  e - a clove of garlic
  j - 2 food rations
  s - a tripe ration
  q - a lichen corpse
 Spellbooks  ('+')
  g - a spellbook of detect monsters
  h - a spellbook of light
 Potions  ('!')
  l - a blessed potion of oil
  d - 4 potions of holy water
 Wands    ('/')
  r - a wand of enlightenment (0:12)
  t - a wand of light (0:12)
 Gems/Stones  ('*')
  n - a worthless piece of orange glass named soft
  u - a worthless piece of red glass named soft

Eymerich the Priest's attributes:

Background:
 You were an Acolyte, a level 5 elven Priest.
 You were chaotic, on a mission for Anhur
 who was opposed by Ptah (lawful) and Thoth (neutral).
 You were left-handed.
 You were in the Dungeons of Doom, on level 2.
 You entered the dungeon 1336 turns ago.
 You had 263 experience points, 57 more were needed to attain level 6.

Basics:
 You had 0 out of 30 hit points.
 You had all 71 energy points (spell power).
 Your armor class was 10.
 Your wallet contained 29 zorkmids.
 Autopickup was off.

Final Characteristics:
 Your strength was 14 (peak:15, limit:18).
 Your dexterity was 10 (limit:18).
 Your constitution was 12 (limit:16).
 Your intelligence was 10 (limit:20).
 Your wisdom was 18 (limit:20).
 Your charisma was 15 (limit:18).

Final Status:
 You weren't hungry.
 You were unencumbered.
 You were wielding a dagger.
 You had no skill with dagger.
 You weren't wearing any armor.

Final Attributes:
 You were fervently aligned.
 You were sleep resistant.
 You were level-drain resistant.
 You had infravision.
 You were a wererat.
 You were harmed by silver.
 You are dead.

Miscellaneous:
 You didn't encounter any bones levels.
 Total elapsed playing time was 13 minutes and 57 seconds.

Major events:
 Turn
    1: Eymerich the chaotic elven Priest entered the dungeon
  201: attained the rank of Acolyte (level 3)
 1336: killed by a wererat

Spells:
 Name                 Level Category     Fail Retention
 detect monsters        1   divination     0%  76%-100%
 light                  1   clerical       0%  91%-100%

Skills:
 Fighting Skills
   bare handed combat [Unskilled]
 Weapon Skills
   club               [Unskilled]
   mace               [Basic]
   morning star       [Unskilled]
   flail              [Unskilled]
   hammer             [Unskilled]
   quarterstaff       [Unskilled]
   polearms           [Unskilled]
   spear              [Unskilled]
   trident            [Unskilled]
   lance              [Unskilled]
   bow                [Unskilled]
   sling              [Unskilled]
   crossbow           [Unskilled]
   dart               [Unskilled]
   shuriken           [Unskilled]
   boomerang          [Unskilled]
   unicorn horn       [Unskilled]
 Spellcasting Skills
   healing spells     [Unskilled]
   divination spells  [Unskilled]
   clerical spells    [Basic]

Voluntary challenges:
 Character rerolling was not enabled.
 You were illiterate.
 You never genocided any monsters.
 You never polymorphed an object.
 You used no wishes.
Achievement:
 You attained the rank of Acolyte.

 The Dungeons of Doom: levels 1 to 3
    Level 1:
       A fountain.
    Level 2: <- You were here.
       An altar.
       Final resting place for
          you, killed by a wererat.
    Level 3:


Vanquished creatures:
 15 fog clouds
  a werejackal
 an acid blob
  a brown mold
  5 jackals
  a fox
  a kobold
  2 grid bugs
  a lichen
  3 newts
31 creatures vanquished.

No species were genocided or became extinct.

Game over:
                       ----------
                      /          \
                     /    REST    \
                    /      IN      \
                   /     PEACE      \
                  /                  \
                  |     Eymerich     |
                  |      29 Au       |
                  |   killed by a    |
                  |     wererat      |
                  |                  |
                  |                  |
                  |       2026       |
                 *|     *  *  *      | *
        _________)/\\_//(\/(/\)/\//\/|_)_______

Goodbye Eymerich the Priest...

You died in The Dungeons of Doom on dungeon level 2 with 1179 points,
and 29 pieces of gold, after 1336 moves.
You were level 5 with a maximum of 30 hit points when you died.

